 Dungeon Crawl Stone Soup version 0.30.1-4-g462c640d31 (webtiles) character file.

Game seed: 12144323121694210519

44 CarvArkoylaein the Trooper (level 3, -2/33 HPs)
             Began as a Hill Orc Fighter on Sept 5, 2023.
             Slain by a gnoll
             ... wielding a +0 spear
              (5 damage)
             ... on level 2 of the Dungeon.
             The game lasted 00:03:05 (1028 turns).

CarvArkoylaein the Trooper (Hill Orc Fighter)       Turns: 1028, Time: 00:03:06

Health: -2/33      AC:  7    Str: 20    XL:     3   Next: 60%
Magic:  3/3        EV:  9    Int:  8    God:
Gold:   70         SH:  4    Dex: 10    Spells: 2/2 levels left

rFire   . . .        i - +0 war axe (heavy)
rCold   . . .        c - +0 buckler
rNeg    . . .        b - +0 scale mail
rPois   .            (no helmet)
rElec   .            (no cloak)
rCorr   .            (no gloves)
SInv    .            (no boots)
Will    .....        (no amulet) Stlth
                     (no ring)
HPRegen 0.25/turn    (no ring)
MPRegen 0.08/turn

%: no passive effects
@: mighty
A: no striking features
a: no special abilities


You were on level 2 of the Dungeon.
You visited 1 branch of the dungeon, and saw 2 of its levels.

You collected 70 gold pieces.

Inventory:

Hand Weapons
 a - a +0 war axe
 i - a +0 heavy war axe (weapon)
Armour
 b - a +0 scale mail (worn)
 c - a +0 buckler (worn)
Scrolls
 h - a scroll of poison {unknown}
 j - a scroll of vulnerability {unknown}
 k - a scroll of teleportation {unknown}
 l - a scroll of silence {unknown}
Potions
 e - a potion of brilliance {unknown}
 f - a potion of berserk rage {unknown}
 g - a potion of invisibility {unknown}


   Skills:
 + Level 4.1 Fighting
 + Level 3.7 Axes
 + Level 3.7 Armour
 + Level 0.1 Dodging
 + Level 3.5 Shields


You had 2 spell levels left.
You didn't know any spells.
Your spell library was empty.

Dungeon Overview and Level Annotations

Branches:
Dungeon (2/15)

Altars:


Message History

You feel very sick. The adder bites you but does no damage.
The adder bites you. The adder closely misses you.
You closely miss the adder.
You feel very sick. The adder bites you but does no damage.
The adder barely misses you. The adder misses you.
You slash the adder!
You kill the adder!
You feel sick.
You are no longer poisoned.
The gnoll barely misses you.
You have reached level 3!
Your experience leads to an increase in your attributes!
Increase (S)trength, (I)ntelligence, or (D)exterity?
You feel stronger. x2
You hit the gnoll.
The gnoll is heavily wounded.
The gnoll hits you with a +0 flail! The gnoll barely misses you.
You slice the gnoll!!
You kill the gnoll!
The gnoll hits you with a +0 whip!
* * * LOW HITPOINT WARNING * * *
Your Fighting skill increases to level 4!
You slash the gnoll!
The gnoll is almost dead.
You block the gnoll's attack. x3; The gnoll hits you with a +0 whip.
* * * LOW HITPOINT WARNING * * *
You barely miss the gnoll.
The gnoll is almost dead.
You block the gnoll's attack. The gnoll completely misses you.
The gnoll hits you from afar with a +0 spear.
* * * LOW HITPOINT WARNING * * *
The gnoll closely misses you.
You slash the gnoll!
You kill the gnoll!
The gnoll barely misses you. x2
You feel very mighty all of a sudden.
The gnoll hits you from afar with a +0 spear.
You die...

#........[.#
#.#.########
#.......<).#
#.#......#.#
#.#......#.#
#.#....#.#.#
#........#.#
...########..#.#
...S.gg.@.#..#.#
...######.#..#.#
#.####.#
#......#
########


You could see 2 gnolls and an adder.

Vanquished Creatures
  2 gnolls (D:2)
  An adder (D:2)
  3 endoplasms (D:1)
  A goblin (D:1)
  2 hobgoblins (D:1)
  A kobold (D:1)
  A quokka (D:1)
  A ball python (D:1)
  4 rats (D:1)
16 creatures vanquished.

Notes
Turn   | Place    | Note
-------+----------+-------------------------------------------
     0 | D:1      | CarvArkoylaein the Hill Orc Fighter began the quest for the
                  | Orb.
     0 | D:1      | Reached XP level 1. HP: 19/19 MP: 1/1
   259 | D:1      | Reached XP level 2. HP: 27/27 MP: 2/2
  1022 | D:2      | Reached XP level 3. HP: 20/33 MP: 3/3
  1024 | D:2      | Reached skill level 4 in Fighting
  1028 | D:2      | Slain by a gnoll

Illustrated notes

Levels and vault maps discovered:
D:1:      roderic_chinese_lattice_arrival, layout_loops_corners, chequers_jeans,
          st_stairs_8
D:2:      layout_basic, minmay_misc_feat_tiny, chequers_garden,
          grunt_ministairs_10

Skill      XL: |  1  2  3 |
---------------+----------+-----
Axes           | 3 |  3.7
Fighting       | 4 |  4.1
Armour         | |  3.7
Dodging        | |  0.1
Shields        | |  3.5

Action                     || total
---------------------------++-------
  Melee: War axe           ||    35
    Use: Potion            ||     1
 Armour: Scale mail        ||    19
  Dodge: Dodged            ||    19
  Block: Buckler           ||     7
